 Dungeon Crawl Stone Soup version 0.23-a0-690-g0a1fc62c7c (webtiles) character file.

58 MirrMurr the Sneak (level 3, 16/16 HPs)
             Began as a Spriggan Enchanter on Jan 11, 2019.
             Was a Follower of Qazlal.
             Got out of the dungeon alive.
             The game lasted 00:03:59 (1751 turns).

MirrMurr the Sneak (Spriggan Enchanter)             Turns: 1751, Time: 00:04:00

Health: 16/16      AC:  2    Str:  5    XL:     3   Next: 76%
Magic:  8/8        EV: 18    Int: 16    God:    Qazlal [*.....]
Gold:   62         SH:  1    Dex: 16    Spells: 1/7 levels left

rFire    . . .     SeeInvis +   a - +1 dagger
rCold    . . .     Gourm    .   (shield restricted)
rNeg     + . .     Faith    .   b - +0 robe
rPois    .         Spirit   .   (helmet restricted)
rElec    .         Reflect  .   (no cloak)
rCorr    .         Harm     .   (gloves unavailable)
MR       .....                  (boots unavailable)
Stlth    +++.......             (no amulet)
HPRegen  0.05/turn              g - ring of positive energy
MPRegen  0.11/turn              (no ring)

@: very quick
A: very small, unfitting armour, see invisible, herbivore, speed 3, slow
metabolism 2
a: Renounce Religion


You escaped.
You worshipped Qazlal.
Qazlal was aware of your devotion.
You were not hungry.

You visited 1 branch of the dungeon, and saw 2 of its levels.

You collected 62 gold pieces.

Inventory:

Hand Weapons
 a - a +1 dagger (weapon)
Missiles
 d - 5 tomahawks (quivered)
 e - 18 stones
Armour
 b - a +0 robe (worn)
Jewellery
 g - a ring of positive energy (left hand)
Scrolls
 f - a scroll of fog {unknown}
 h - a scroll of blinking {unknown}
 i - 2 scrolls of identify {unknown}
 m - a scroll of teleportation {unknown}
 r - 2 scrolls of remove curse
Potions
 j - a potion of degeneration {unknown}
 k - a potion of heal wounds {unknown}
 l - a potion of magic {unknown}
Comestibles
 c - 4 rations


   Skills:
 + Level 3.0 Short Blades
 - Level 3.0 Dodging
 + Level 6.0 Stealth
 - Level 2.6 Spellcasting
 - Level 3.6 Hexes


You had one spell level left.
You knew the following spells:

 Your Spells              Type           Power        Failure   Level  Hunger
a - Ensorcelled Hibernat  Hex/Ice        #.....       14%         2    ##.....
b - Confuse               Hex            ##......     13%         3    ###....
C - Corona                Hex            ##.....      4%          1    #......

Your spell library contained the following spells:

 Spells                   Type           Power        Failure   Level  Hunger
 Tukima's Dance           Hex            ##......     13%         3    ###....
 Dazzling Spray           Conj/Hex       #.....       28%         3    ###....


Dungeon Overview and Level Annotations

Branches:
Dungeon (2/15)

Altars:
Qazlal


Innate Abilities, Weirdness & Mutations

You are very small and have problems with some larger weapons.
You are too small for most types of armour.
You have supernaturally acute eyesight. (SInv)
You are a herbivore.
You cover ground extremely quickly.
You need to consume almost no food.


Message History

Found a faded altar of an unknown god.
There is a faded altar of an unknown god here.
You cannot tell which god this altar belongs to.
Convert to them anyway?
Qazlal accepts your prayer! Qazlal welcomes you!
Qazlal grants you and your divine allies immunity to clouds.
You are surrounded by a storm.
You see here a ball python corpse.
You now have 62 gold pieces (gained 4).
Found a hand axe.
You see here a hand axe.
Found a ring mail.
Found a runed falchion.
There is a stone staircase leading up here.
You climb upwards.
There is a stone staircase leading down here.
There is an open door here.
There is a staircase leading out of the dungeon here.
Are you sure you want to leave the Dungeon?
This will make you lose the game!
You have escaped!

###########
#.........#
#...###...###
#.@.#.#...'.####
#°..###...#....#
#.........#.##.#
###########.##.#
#......#..#.#
#....#.#..#.#
#....#.#..#.#
#....#.#..#.####
#)........#.....


There were no monsters in sight!

Vanquished Creatures
  Terence (D:2)
  An adder (D:2)
  A worm (D:2)
  A leopard gecko (D:2)
  2 giant cockroaches (D:2)
  A goblin (D:1)
  2 hobgoblins (D:1)
  A ball python (D:2)
  5 bats
  A frilled lizard (D:1)
  2 kobolds
  6 rats
24 creatures vanquished.

Notes
Turn   | Place    | Note
-------+----------+-------------------------------------------
     0 | D:1      | MirrMurr the Spriggan Enchanter began the quest for the
                  | Orb.
     0 | D:1      | Reached XP level 1. HP: 9/9 MP: 5/5
   742 | D:1      | Reached XP level 2. HP: 5/13 MP: 4/6
   761 | D:1      | Learned a level 2 spell: Ensorcelled Hibernation
  1054 | D:1      | Reached skill level 5 in Stealth
  1428 | D:2      | Reached XP level 3. HP: 16/16 MP: 8/8
  1433 | D:2      | Learned a level 3 spell: Confuse
  1465 | D:2      | Noticed Terence
  1469 | D:2      | Killed Terence
  1469 | D:2      | Reached skill level 6 in Stealth
  1609 | D:2      | Found a faded altar of an unknown god.
  1612 | D:2      | Became a worshipper of Qazlal Stormbringer
  1612 | D:2      | Reached * piety under Qazlal
  1751 | D:$      | Got out of the dungeon alive.

Vault maps used:
D:1:      nicolae_arrival_memento_mori
D:2:      chequers_ecumenical_altar_grove, first_ration, uniq_terence

Skill      XL: |  1  2  3 |
---------------+----------+-----
Stealth        | 5 6 |  6.0
Short Blades   | 2 3 |  3.0
Dodging        | |  3.0
Spellcasting   | |  2.6
Hexes          | |  3.6

Action                   || total
-------------------------++-------
Melee: Dagger            ||    84
 Cast: Corona            ||     5
       Ensorcelled Hiber ||     4
  Use: Scroll            ||     1
 Stab: Sleeping          ||    11
Armor: Robe              ||     9
Dodge: Dodged            ||    63

Table legend:
 A = Non-vault XP
 B = Vault XP
 C = Vault XP percentage of total XP
 D = Non-vault monster count
 E = Vault monster count
 F = Vault count percentage of total count
                 A         B        C        D         E       F
            +---------+---------+-------+---------+---------+-------
      Total |      46 |      38 |  45.2 |      23 |       1 |   4.2
            +---------+---------+-------+---------+---------+-------
        D:1 |      14 |       0 |   0.0 |      11 |       0 |   0.0
        D:2 |      32 |      38 |  54.3 |      12 |       1 |   7.7
            +---------+---------+-------+---------+---------+-------
